 Dungeon Crawl Stone Soup version 0.25.0-9-g26727b657a (webtiles) character file.

Game seed: 828861742191775867

696 protoss039 the Magician (level 7, -2/51 HPs)
             Began as a Grey Draconian Air Elementalist on June 19, 2020.
             Was a Follower of Vehumet.
             Slain by a worker ant zombie (5 damage)
             ... on level 5 of the Dungeon.
             The game lasted 00:17:46 (6071 turns).

protoss039 the Magician (DrAE)                      Turns: 6071, Time: 00:17:46

Health: -2/51      AC: 13    Str: 11    XL:     7   Next: 37%
Magic:  3/15       EV: 12    Int: 17    God:    Vehumet [*.....]
Gold:   183        SH:  0    Dex: 11    Spells: 11/17 levels left

rFire    . . .     SeeInvis .   q - +3 dagger (venom)
rCold    . . .     Gourm    .   (no shield)
rNeg     . . .     Faith    .   (armour unavailable)
rPois    .         Spirit   .   (helmet restricted)
rElec    .         Reflect  .   m - +1 cloak
rCorr    .         Harm     .   (no gloves)
MR       .....                  (no boots)
Stlth    ++........             h - amulet of the acrobat
HPRegen  0.17/turn              (no ring)
MPRegen  0.14/turn              (no ring)

@: no status effects
A: walk through water, unfitting armour, unbreathing, cold-blooded, AC +11
a: Renounce Religion


You were on level 5 of the Dungeon.
You worshipped Vehumet.
Vehumet was aware of your devotion.
You were not hungry.

You visited 1 branch of the dungeon, and saw 5 of its levels.
You also visited: Sewer.

You collected 183 gold pieces.

Inventory:

Hand Weapons
 q - a +3 dagger of venom (weapon)
Armour
 m - a +1 cloak (worn)
Jewellery
 h - an amulet of the acrobat (around neck)
Scrolls
 a - 9 scrolls of identify
 f - 3 scrolls of remove curse
 j - 5 scrolls of teleportation
Potions
 c - 3 potions of curing
 d - a potion of lignification
 e - 3 potions of flight
 g - a potion of resistance {unknown}
 k - 2 potions of haste {unknown}
 n - a potion of heal wounds {unknown}
 p - a potion of mutation {unknown}
 r - a potion of berserk rage {unknown}
Comestibles
 b - 12 rations
 i - 16 chunks of flesh


   Skills:
 + Level 0.5 Fighting
 + Level 1.1 Short Blades
 - Level 1.7 Dodging
 - Level 1.7 Stealth
 * Level 5.6 Spellcasting
 + Level 3.2 Conjurations
 + Level 4.2 Air Magic


You had 11 spell levels left.
You knew the following spells:

 Your Spells              Type           Power        Failure   Level  Hunger
a - Shock                 Conj/Air       ###.         2%          1    None
b - Swiftness             Chrm/Air       ##......     9%          2    #......
c - Static Discharge      Conj/Air       ###.....     9%          3    ##.....

Your spell library contained the following spells:

 Spells                   Type           Power        Failure   Level  Hunger
 Freeze                   Ice            #...         14%         1    None
 Airstrike                Air            ###.......   22%         4    ####...
 Lightning Bolt           Conj/Air       ###.......   61%         5    ######.


Dungeon Overview and Level Annotations

Branches:
Dungeon (5/15)             Temple (0/1) D:4           Sewer (visited)

Altars:
Fedhas
Kikubaaqudgha
Vehumet


Innate Abilities, Weirdness & Mutations

You can walk through water.
Your dull iron-grey scales are very hard. (AC +11)
You cannot fit into any form of body armour.
You can survive without breathing.
You are cold-blooded and may be slowed by cold attacks.


Message History

The worker ant zombie is heavily damaged.
The zap hits the worker ant zombie.
The worker ant zombie is severely damaged.
The zap hits the centaur.
The centaur is heavily wounded.
The centaur hits you!
* * * LOW HITPOINT WARNING * * *
The gnoll hits you but does no damage.
Unknown command.
Casting: Shock (safe; 3% risk of failure)
Confirm with . or Enter, or press ? or * to list all spells.
Aiming: Shock (safe; 3% risk of failure)
Press: ? - help, Shift-Dir - straight line The zap hits the centaur.
The centaur is severely wounded.
The zap hits the centaur.
You kill the centaur!
Vehumet accepts your kill.
You feel your power returning. The worker ant zombie bites you.
You die...

... ...
..########## ...
##.....#.....
...
##............
...
###.............
...
...............
#.............
#.............
#...g.@.......
#.<..Z).......
##............
##.....#.....
############


You could see a gnoll and a worker ant zombie.

Vanquished Creatures
  An ogre (D:4)
  A centaur (D:5)
  A big kobold (Sewer)
  A scorpion (D:4)
  A crimson imp (D:4)
  A gnoll shaman (D:4)
  A hound (D:4)
  2 worker ants (D:4)
  A hound skeleton (D:4)
  3 river rats
  6 adders
  7 gnolls
  3 worms
  A dart slug (D:1)
  3 leopard geckos
  6 orcs
  2 giant cockroaches
  7 goblins
  12 hobgoblins
  11 jackals
  17 kobolds
  3 quokkas
  3 ball pythons
  A ball python skeleton (D:4)
  4 bats (D:1)
  3 frilled lizards
  A jackal skeleton (D:5)
  8 rats
111 creatures vanquished.

Notes
Turn   | Place    | Note
-------+----------+-------------------------------------------
     0 | D:1      | protoss039 the Draconian Air Elementalist began the quest
                  | for the Orb.
     0 | D:1      | Reached XP level 1. HP: 14/14 MP: 3/3
   321 | D:1      | Reached XP level 2. HP: 15/20 MP: 1/5
  1303 | D:2      | Reached XP level 3. HP: 26/26 MP: 1/6
  1348 | D:1      | Reached skill level 3 in Spellcasting
  1527 | D:2      | Reached XP level 4. HP: 10/33 MP: 4/8
  1790 | D:2      | Found a blossoming altar of Fedhas.
  2127 | D:2      | Learned a level 2 spell: Swiftness
  2131 | D:2      | Learned a level 3 spell: Static Discharge
  2353 | D:2      | Found a faded altar of an unknown god.
  2906 | D:2      | Found an ancient bone altar of Kikubaaqudgha.
  3208 | D:3      | Found a glowing drain.
  3234 | D:3      | Reached XP level 5. HP: 5/39 MP: 1/10
  3506 | Sewer    | Entered a sewer
  3558 | Sewer    | Reached skill level 4 in Spellcasting
  3660 | Sewer    | Found a white marble altar of Elyvilon.
  3785 | D:3      | Found a radiant altar of Vehumet.
  3797 | D:3      | Became a worshipper of Vehumet
  3900 | D:3      | Reached skill level 1 in Short Blades
  4285 | D:3      | Reached XP level 6. HP: 46/46 MP: 4/12
  5408 | D:4      | Found a staircase to the Ecumenical Temple.
  5904 | D:5      | Entered Level 5 of the Dungeon
  5920 | D:4      | Reached skill level 5 in Spellcasting
  5920 | D:4      | Your scales start taking on a dull iron-grey colour.
  5920 | D:4      | Reached XP level 7. HP: 36/51 MP: 5/14
  5920 | D:4      | Gained mutation: You can survive without breathing. [Grey
                  | Draconian growth]
  5986 | D:5      | Reached * piety under Vehumet
  5986 | D:5      | Offered knowledge of Freeze by Vehumet.
  6071 | D:5      | Slain by a worker ant zombie

Illustrated notes

Levels and vault maps discovered:
D:1:      dpeg_arrival_concentric_ovals, layout_basic
D:2:      layout_basic, lemuel_round_altar, fedhas_altar_2, first_ration,
          chequers_ecumenical_altar_simple_redux, minmay_misc_feat_secret_circle
D:3:      layout_loops_ring, vehumet_crystals, portal_sewer_entry_a,
          minmay_misc_feat_square
D:4:      layout_basic, lemuel_temple_firewalk_a
D:5:      layout_rooms, nicolae_ossuary_entry_ruins, serial_shops, shop,
          minmay_manual_mares

Skill      XL: |  1  2  3  4  5  6  7 |
---------------+----------------------+-----
Spellcasting   | 3 4 5 |  5.6
Air Magic      | 4 |  4.2
Conjurations   | 2 3 |  3.2
Short Blades   | 1 |  1.1
Fighting       | |  0.5
Dodging        | |  1.7
Stealth        | |  1.7

Action                   |  1- 3 |  4- 6 |  7- 9 || total
-------------------------+-------+-------+-------++-------
Melee: Unarmed           |    24 |       |       ||    24
       Dagger            |    29 |    47 |    21 ||    97
       Tailslap          |     5 |     4 |     2 ||    11
 Cast: Shock             |    53 |   161 |     6 ||   220
       Static Discharge  |       |    14 |     7 ||    21
  Use: Potion            |     1 |     1 |       ||     2
       Scroll            |       |     6 |     2 ||     8
  Eat: Chunk             |     2 |    15 |     1 ||    18
Armor: Skin              |    22 |    31 |    22 ||    75
Dodge: Dodged            |    44 |    66 |    28 ||   138
